 Dungeon Sprint DCSS version 0.29.1-2-gbd0b4ee654 (webtiles) character file.

Game seed: 11780465966089593004

3420 Groucho the Unseen (level 9, -4/49 HPs)
             Began as a Spriggan Enchanter on Nov 22, 2022.
             Was a Priest of Dithmenos.
             Slain by Frances
             ... wielding a +0 war axe of holy wrath
              (15 damage)
             ... in the Dungeon (Sprint III: "The Ten Rune Challenge").
             The game lasted 00:05:34 (1526 turns).

Groucho the Unseen (Spriggan Enchanter)             Turns: 1526, Time: 00:05:35

Health: -4/49      AC:  2    Str:  8    XL:     9   Next: 76%
Magic:  18/27      EV: 23    Int: 17    God:    Dithmenos [***...]
Gold:   26         SH:  0    Dex: 15    Spells: 23/34 levels left

rFire   . . .      SeeInvis +   a - +1 dagger
rCold   . . .      Faith    .   (no shield)
rNeg    . . .      Spirit   .   b - +0 robe
rPois   .          Reflect  .   (helmet restricted)
rElec   .          Harm     .   (no cloak)
rCorr   .          Rampage  .   (gloves unavailable)
Will    +....      NoTele   +   (boots unavailable)
Stlth   +++++++++.              (no amulet)
HPRegen 0.16/turn               (no ring)
MPRegen 0.20/turn               (no ring)

@: wreathed by umbra, very quick
A: very small, no large weapons, unfitting armour, see invisible, speed 3, noise
suppression
a: Renounce Religion, Shadow Step


You were in the Dungeon.
You worshipped Dithmenos.
Dithmenos was most pleased with you.
You visited 1 branch You collected 26 gold pieces.

Inventory:

Hand Weapons
 a - a +1 dagger (weapon)
Armour
 b - a +0 robe (worn)
Wands
 h - a wand of digging (6)
Scrolls
 i - a scroll of blinking
 k - a scroll of immolation {unknown}
 l - 2 scrolls of identify
 n - a scroll of torment {unknown}
 o - a scroll of brand weapon {unknown}
Potions
 c - a potion of invisibility
 d - a potion of curing
 f - a potion of haste
 g - 2 potions of magic
 j - 3 potions of might
 m - 2 potions of flight {unknown}
 p - a potion of berserk rage


   Skills:
 + Level 6.4 Fighting
 + Level 8.5 Short Blades
 + Level 10.5 Dodging
 - Level 16.7 Stealth
 + Level 13.1 Spellcasting
 + Level 13.3 Hexes


You had 23 spell levels left.
You knew the following spells:

 Your Spells              Type           Power      Damage    Failure   Level
a - Ensorcelled Hibernat  Hex/Ice        66%        N/A       1%          2
b - Confusing Touch       Hex            54%        N/A       1%          3
c - Dazzling Flash        Conj/Hex       66%        N/A       1%          3
d - Tukima's Dance        Hex            54%        N/A       1%          3

Your spell library contained the following spells:

 Spells                   Type           Power      Damage    Failure   Level


Dungeon Overview and Level Annotations

Branches:
Dungeon (1/1)

Altars:
Cheibriados
Dithmenos
Fedhas
Gozag
Hepliaklqana
Kikubaaqudgha
Makhleb
Nemelex Xobeh
Okawaru
Qazlal
Ru
Sif Muna
Trog
Uskayaw
Vehumet
Wu Jian
Xom
Yredelemnul
Jiyva
Lugonu

Annotations:
D Frances


Innate Abilities, Weirdness & Mutations

You are very small and have problems with some larger weapons.
You are too small for most types of armour.
You have supernaturally acute eyesight. (SInv)
You cover ground extremely quickly. (Speed+++)
You passively dampen the noise of your surroundings.


Message History

You hit Frances but do no damage. The hellwing completely misses you.
The hellwing hits you but does no damage.
Frances misses you.
You hit Frances but do no damage.
Frances appears confused.
You hit Frances.
Frances is lightly wounded.
The hellwing completely misses you. The hellwing barely misses you.
Frances misses you.
You catch the helpless Frances completely off-guard!
You stick Frances like a pincushion!!! Your punch misses Frances.
Frances is moderately wounded.
The hellwing completely misses you. The hellwing hits you!
You hit Frances.
Frances is moderately wounded.
You hit Frances.
Frances is moderately wounded.
The hellwing misses you. The hellwing hits you. Frances barely misses you.
Frances hits herself with a +0 war axe of holy wrath!!
You hit Frances.
Frances is heavily wounded.
You hit Frances.
Frances is heavily wounded.
The hellwing hits you!
The hellwing hits you but does no damage.
You hit Frances.
Frances is severely wounded.
You hit Frances.
Frances is severely wounded.
The hellwing hits you! The hellwing completely misses you.
You catch the helpless Frances completely off-guard!
You perforate Frances like a sieve!!!
Frances is almost dead.
Frances hits you with a +0 war axe of holy wrath!
* * * LOW HITPOINT WARNING * * *
Unknown command.
You feel much better. The hellwing hits you! The hellwing hits you.
* * * LOW HITPOINT WARNING * * *
Frances barely misses the hellwing.
Frances hits you with a +0 war axe of holy wrath!
You die...

.'##.#.#.##.#).##.^...^#
.#...#..#..##.)'...^^.^#
▓▓▓▓▓▓▓▓▓▓▓▓▓▓▓#.....^.#
#.....^.# +.......#
#.......# ##'######
#...+ #@4.# #@..# #####


You could see Frances (confused) and a hellwing (summoned).

Vanquished Creatures
  Donald (D)
  Erolcha (D)
  A shadow (D)
  2 redbacks (D)
  A spatial vortex (D)
  5 two-headed ogres (D)
  A scorpion (D)
  A water elemental (D)
  A necrophage (D)
  A jelly (D)
  A wizard (D)
  A necromancer (D)
  3 humans (D)
  A kobold demonologist (D)
  2 endoplasms (D)
  2 rats (D)
25 creatures vanquished.

Notes
Turn   | Place    | Note
-------+----------+-------------------------------------------
     0 | D        | Groucho the Spriggan Enchanter began the quest for the Orb.
     0 | D        | Reached XP level 1. HP: 9/9 MP: 5/5
     5 | D        | Reached skill level 5 in Stealth
   313 | D        | Reached skill level 7 in Stealth
   313 | D        | Reached XP level 2. HP: 6/13 MP: 6/8
   318 | D        | Noticed a scorpion
   325 | D        | Killed a scorpion
   326 | D        | Reached skill level 10 in Stealth
   326 | D        | Reached skill level 5 in Spellcasting
   326 | D        | Reached XP level 3. HP: 8/16 MP: 7/11
   326 | D        | Reached XP level 4. HP: 10/21 MP: 7/12
   334 | D        | Noticed a water elemental
   337 | D        | Killed a water elemental
   338 | D        | Reached skill level 11 in Stealth
   338 | D        | Reached XP level 5. HP: 13/24 MP: 10/15
   371 | D        | Gained mutation: Your body sometimes deteriorates upon
                  | taking damage. [potion of mutation]
   371 | D        | Gained mutation: You occasionally lose the ability to drink
                  | potions when taking damage. [potion of mutation]
   371 | D        | Lost mutation: You occasionally lose the ability to drink
                  | potions when taking damage. [potion of mutation]
   371 | D        | Gained mutation: You are partially covered in iridescent
                  | scales. (AC +2) [potion of mutation]
   372 | D        | Lost mutation: You are partially covered in iridescent
                  | scales. (AC +2) [potion of mutation]
   372 | D        | Lost mutation: Your body sometimes deteriorates upon taking
                  | damage. [potion of mutation]
   372 | D        | Gained mutation: You have an increased reservoir of magic.
                  | (+10% MP) [potion of mutation]
   372 | D        | Gained mutation: You are partially covered in iridescent
                  | scales. (AC +2) [potion of mutation]
   373 | D        | Lost mutation: You are partially covered in iridescent
                  | scales. (AC +2) [potion of mutation]
   373 | D        | Lost mutation: You have an increased reservoir of magic.
                  | (+10% MP) [potion of mutation]
   373 | D        | Gained mutation: You are strong-willed. (Will+) [potion of
                  | mutation]
   373 | D        | Gained mutation: You are robust. (+10% HP) [potion of
                  | mutation]
   374 | D        | Lost mutation: You are strong-willed. (Will+) [potion of
                  | mutation]
   374 | D        | Lost mutation: You are robust. (+10% HP) [potion of
                  | mutation]
   374 | D        | Gained mutation: Your body sometimes deteriorates upon
                  | taking damage. [potion of mutation]
   374 | D        | Gained mutation: Your muscles are strong. (Str +4, Int/Dex
                  | -1) [potion of mutation]
   375 | D        | Lost mutation: Your muscles are strong. (Str +4, Int/Dex
                  | -1) [potion of mutation]
   375 | D        | Lost mutation: Your body sometimes deteriorates upon taking
                  | damage. [potion of mutation]
   375 | D        | Gained mutation: You passively dampen the noise of your
                  | surroundings. [potion of mutation]
   594 | D        | Found a radiant altar of Vehumet.
   595 | D        | Found a shimmering blue altar of Sif Muna.
   595 | D        | Found an ancient bone altar of Kikubaaqudgha.
   597 | D        | Reached skill level 12 in Stealth
   615 | D        | Found a shadowy altar of Dithmenos.
   616 | D        | Found a basalt altar of Yredelemnul.
   616 | D        | Found a sacrificial altar of Ru.
   618 | D        | Reached skill level 13 in Stealth
   623 | D        | Reached skill level 14 in Stealth
   623 | D        | Reached XP level 6. HP: 18/28 MP: 15/17
   628 | D        | Became a worshipper of Dithmenos the Shadowed
   945 | D        | Learned a level 2 spell: Ensorcelled Hibernation
   949 | D        | Learned a level 3 spell: Confusing Touch
   953 | D        | Learned a level 3 spell: Dazzling Flash
   957 | D        | Learned a level 3 spell: Tukima's Dance
  1116 | D        | Found a hide-covered altar of Uskayaw.
  1116 | D        | Found an iron altar of Okawaru.
  1117 | D        | Found a bloodstained altar of Trog.
  1117 | D        | Found an ornate altar of the Wu Jian Council.
  1117 | D        | Noticed a human
  1117 | D        | Noticed a human
  1149 | D        | Killed a human
  1150 | D        | Reached skill level 15 in Stealth
  1152 | D        | Killed a human
  1153 | D        | Reached skill level 16 in Stealth
  1153 | D        | Reached XP level 7. HP: 32/32 MP: 14/21
  1200 | D        | Noticed a shadow
  1216 | D        | Killed a shadow
  1216 | D        | Reached * piety under Dithmenos
  1217 | D        | Reached skill level 1 in Fighting
  1217 | D        | Reached skill level 10 in Hexes
  1220 | D        | Reached skill level 10 in Spellcasting
  1222 | D        | Found a blossoming altar of Fedhas.
  1222 | D        | Found a stormy altar of Qazlal.
  1238 | D        | Noticed a spatial vortex
  1239 | D        | Found a snail-covered altar of Cheibriados.
  1239 | D        | Found a burning altar of Makhleb.
  1239 | D        | Found a hazy altar of Hepliaklqana.
  1239 | D        | Found a shimmering altar of Xom.
  1239 | D        | Found an opulent altar of Gozag.
  1239 | D        | Found a sparkling altar of Nemelex Xobeh.
  1239 | D        | Found a corrupted altar of Lugonu.
  1239 | D        | Found a viscous altar of Jiyva.
  1241 | D        | Killed a spatial vortex
  1242 | D        | Reached skill level 5 in Dodging
  1262 | D        | Reached ** piety under Dithmenos
  1445 | D        | Reached XP level 8. HP: 40/40 MP: 23/23
  1449 | D        | Noticed a two-headed ogre
  1452 | D        | Killed a two-headed ogre
  1453 | D        | Reached skill level 5 in Short Blades
  1456 | D        | Noticed a two-headed ogre
  1456 | D        | Noticed Erolcha
  1458 | D        | Killed Erolcha
  1458 | D        | Reached *** piety under Dithmenos
  1459 | D        | Killed a two-headed ogre
  1460 | D        | Reached skill level 5 in Fighting
  1460 | D        | Reached XP level 9. HP: 47/47 MP: 23/26
  1506 | D        | Noticed Donald
  1507 | D        | Noticed Frances
  1508 | D        | Killed Donald
  1509 | D        | Reached skill level 10 in Dodging
  1513 | D        | Noticed a hellwing
  1526 | D        | Slain by Frances

Illustrated notes

Levels and vault maps discovered:
D:        dungeon_sprint_mu [sprint_mu_entry_forest, sprint_mu_temple_rooms,
          sprint_mu_d1_spiders, sprint_mu_d2_genie, sprint_mu_d3_branching,
          sprint_mu_orc_legion, sprint_mu_elf_gauntlet, sprint_mu_hive_nellie,
          sprint_mu_lair_fedhas, sprint_mu_vaults_butterflies,
          sprint_mu_slime_circle, sprint_mu_shoals_kraken,
          sprint_mu_snake_twists, sprint_mu_blade_basic, sprint_mu_crypt_lich,
          sprint_mu_tomb_spiral, sprint_mu_vestibule_basic,
          sprint_mu_gehenna_hellfire, sprint_mu_dis_giant,
          sprint_mu_tartarus_statrot, sprint_mu_cocytus_islands, sprint_mu_zot1]

Skill      XL: |  1  2  3  4  5  6  7  8  9 |
---------------+----------------------------+-----
Stealth        | 7 10 11 14 16 | 16.7
Spellcasting   | 4 5 6 7 9 10 12 13 | 13.1
Hexes          | 4 6 7 8 9 11 12 13 | 13.3
Fighting       | 3 5 6 |  6.4
Short Blades   | 4 7 8 |  8.5
Dodging        | 6 8 10 | 10.5

Action                   |  1- 3 |  4- 6 |  7- 9 || total
-------------------------+-------+-------+-------++-------
Melee: Dagger            |    26 |    10 |    26 ||    62
 Cast: Ensorcelled Hiber |       |     2 |     8 ||    10
       Confusing Touch   |       |       |     2 ||     2
Invok: Shadow Step       |       |       |     1 ||     1
  Use: Potion            |     1 |     6 |     1 ||     8
 Stab: Sleeping          |     4 |     6 |    11 ||    21
       Invisible         |     2 |       |       ||     2
       Confused          |       |       |     3 ||     3
Armor: Robe              |     1 |       |     2 ||     3
Dodge: Dodged            |    16 |     2 |    16 ||    34
